 Dungeon Crawl Stone Soup version 0.22-a0-479-gc6e99f3 (webtiles) character file.

19 Azzok the Shooter (level 2, 0/17 HPs)
             Began as a Deep Elf Hunter on June 14, 2018.
             Succumbed to an adder's poison
             ... on level 1 of the Dungeon.
             The game lasted 00:02:00 (1127 turns).

Azzok the Shooter (Deep Elf Hunter)                 Turns: 1127, Time: 00:02:01

Health: 0/17       AC:  4    Str:  9    XL:     2   Next: 55%
Magic:  4/4        EV: 12    Int: 15    God:
Gold:   60         SH:  0    Dex: 15    Spells: 1/1 levels left

rFire    . . .     SeeInvis .   a - +1 shortbow
rCold    . . .     Gourm    .   (shield currently unavailable)
rNeg     . . .     Faith    .   c - +0 leather armour
rPois    .         Spirit   .   i - +0 helmet
rElec    .         Reflect  .   (no cloak)
rCorr    .         Harm     .   (no gloves)
MR       .....                  (no boots)
Stlth    ++........             (no amulet)
HPRegen  0.05/turn              (no ring)
MPRegen  0.09/turn              (no ring)

@: lethally poisoned (0 -> -7)
A: no striking features
a: no special abilities


You were on level 1 of the Dungeon.
You were not hungry.

You visited 1 branch of the dungeon, and saw 2 of its levels.

You collected 60 gold pieces.

Inventory:

Hand Weapons
 a - a +1 shortbow (weapon)
 b - a +1 dagger of pain
Missiles
 d - 9 arrows (quivered)
Armour
 c - a +0 leather armour (worn)
 i - a +0 helmet (worn)
Jewellery
 j - an uncursed ring of protection from fire {unknown}
Scrolls
 h - 2 scrolls of magic mapping {unknown}
 k - 2 scrolls of identify {unknown}
Potions
 e - a potion of might {unknown}
 l - a potion of berserk rage {unknown}
Comestibles
 f - a ration


   Skills:
 + Level 1.9 Fighting
 + Level 5.0 Bows
 - Level 2.4 Dodging
 - Level 1.2 Stealth


You had one spell level left.
You didn't know any spells.
Your spell library was empty.

Dungeon Overview and Level Annotations

Branches:
Dungeon (2/15)

Altars:


Message History

* * * LOW HITPOINT WARNING * * *
Firing (i - inventory)
d - 12 arrows (quivered)
Press: ? - help, Shift-Dir - straight line, f/p - adder
Aim: an adder (lightly wounded)
You shoot an arrow. The arrow hits the adder.
The adder is heavily wounded.
* * * LOW HITPOINT WARNING * * *
You feel sick. The adder bites you but does no damage.
Firing (i - inventory)
d - 11 arrows (quivered)
Press: ? - help, Shift-Dir - straight line, f/p - adder
Aim: an adder (heavily wounded)
You shoot an arrow. The arrow hits the adder.
The adder is heavily wounded.
The adder bites you.
* * * LOW HITPOINT WARNING * * *
Firing (i - inventory)
d - 10 arrows (quivered)
Press: ? - help, Shift-Dir - straight line, f/p - adder
Aim: an adder (heavily wounded)
You shoot an arrow. The arrow closely misses the adder.
You die...

▒▒ ▒▒▒▒▒▒▒··········▒ ·▒
▒··········▒ ·▒
▒··········▒ ·▒
▒··········▒
·▒▒▒▒▒▒▒▒▒▒▒▒··········▒
·'·····················▒
·▒···▒▒▒▒▒▒▒···········▒
▒▒···▒▒▒▒▒▒▒···········▒
·····'··········@)····)▒
▒▒···▒▒▒▒▒▒▒···S·······▒
▒···▒ ▒▒·▒▒╬▒▒···▒▒
▒···▒ ▒··▒·▒▒···▒ ▒···▒
▒▒·▒·▒▒···▒ ▒···▒
▒···▒▒···▒ ▒▒▒▒▒
▒▒··▒▒···▒
▒▒▒▒▒▒··▒▒▒▒▒▒ ▒···▒▒··▒


You could see an adder.

Vanquished Creatures
  A dart slug (D:1)
  A giant cockroach (D:1)
  A goblin (D:1)
  2 hobgoblins (D:1)
  2 kobolds (D:1)
  5 bats (D:1)
  A frilled lizard (D:1)
  4 rats (D:1)
17 creatures vanquished.

Notes
Turn   | Place    | Note
-------+----------+-------------------------------------------
     0 | D:1      | Azzok the Deep Elf Hunter began the quest for the Orb.
     0 | D:1      | Reached XP level 1. HP: 12/12 MP: 3/3
   504 | D:1      | Reached XP level 2. HP: 17/17 MP: 4/4
   758 | D:1      | Reached skill level 5 in Bows
  1127 | D:1      | Succumbed to an adder's poison

Vault maps used:
D:1:      dpeg_arrival_orchard

Skill      XL: |  1  2 |
---------------+-------+-----
Bows           | 5 |  5.0
Fighting       | |  1.9
Dodging        | |  2.4
Stealth        | |  1.2

Action                   || total
-------------------------++-------
Melee: Short sword       ||    58
       Dagger            ||     1
 Fire: Shortbow          ||    22
 Stab: Sleeping          ||     1
  Eat: Chunk             ||     1
Armor: Leather armour    ||    36
Dodge: Dodged            ||    61

Table legend:
 A = Spawn XP
 B = Non-spawn XP
 C = Spawn XP percentage of total XP
 D = Spawn monster count
 E = Non-spawn monster count
 F = Spawn count percentage of total count
 G = Total turns spent on level
                    A         B        C        D         E        F      G
               +---------+---------+-------+---------+---------+-------+---------
         Total |       0 |      28 |   0.0 |       0 |      17 |   0.0 |  1127
               +---------+---------+-------+---------+---------+-------+---------
           D:1 |       0 |      28 |   0.0 |       0 |      17 |   0.0 |  1120
               +---------+---------+-------+---------+---------+-------+---------
